 Dungeon Crawl Stone Soup version 0.25-a0-780-g622e69b31f (webtiles) character file.

Game seed: 18096325443295287380, levelgen mode: deterministic

662 kae the Ruffian (level 7, -2/59 HPs)
             Began as a Grey Draconian Transmuter on Apr 14, 2020.
             Was an Initiate of Wu Jian.
             Slain by Prince Ribbit (15 damage)
             ... on level 5 of the Dungeon.
             The game lasted 00:06:02 (4662 turns).

kae the Ruffian (Grey Draconian Transmuter)         Turns: 4662, Time: 00:06:02

Health: -2/59      AC:  2    Str: 15    XL:     7   Next: 30%
Magic:  10/12      EV: 19    Int: 13    God:    Wu Jian [......]
Gold:   222        SH:  0    Dex: 16    Spells: 3/13 levels left

rFire    . . .     SeeInvis .     - Unarmed
rCold    . . .     Gourm    .   (shield currently unavailable)
rNeg     . . .     Faith    .   (armour unavailable)
rPois    x         Spirit   .   (helmet currently unavailable)
rElec    .         Reflect  .   (cloak currently unavailable)
rCorr    .         Harm     .   (gloves currently unavailable)
MR       .....                  (boots currently unavailable)
Stlth    +.........             (no amulet)
HPRegen  0.19/turn              (no ring)
MPRegen  0.13/turn              (no ring)

@: spider-form (expiring)
A: tiny, (walk through water), unfitting armour, AC +11
a: End Transformation, Renounce Religion


You were on level 5 of the Dungeon.
You worshipped Wu Jian.
Wu Jian was noncommittal.
You were very hungry.
You were a venomous arachnid creature.
You visited 2 branches of the dungeon, and saw 6 of its levels.

You collected 222 gold pieces.

Inventory:

Missiles
 a - 57 arrows
Armour
 g - a +1 pair of boots (melded)
Wands
 h - a wand of digging (4)
Scrolls
 b - 2 scrolls of remove curse
 f - 2 scrolls of amnesia
 i - a scroll of teleportation
 k - a scroll of enchant weapon
Potions
 d - a potion of mutation
 e - a potion of heal wounds {unknown}
 j - a potion of brilliance {unknown}
 l - a potion of stabbing {unknown}
Comestibles
 c - 4 rations


   Skills:
 + Level 4.0 Fighting
 - Level 1.7 Dodging
 * Level 5.9 Unarmed Combat
 + Level 3.7 Spellcasting
 + Level 4.0 Transmutations


You had 3 spell levels left.
You knew the following spells:

 Your Spells              Type           Power        Failure   Level  Hunger
a - Beastly Appendage     Tmut           ##....       13%         1    #......
b - Sticks to Snakes      Tmut           ##......     17%         2    ##.....
c - Spider Form           Tmut/Pois      #.........   50%         3    ###....
d - Ice Form              Ice/Tmut       #.......     85%         4    #####..

Your spell library contained the following spells:

 Spells                   Type           Power        Failure   Level  Hunger
 Animate Skeleton         Necr           N/A          43%         1    #......
 Apportation              Tloc           #.....       43%         1    #......
 Corona                   Hex            #......      43%         1    #......
 Summon Small Mammal      Summ           #...         43%         1    #......
 Blade Hands              Tmut           ##........   89%         5    ######.


Dungeon Overview and Level Annotations

Branches:
Dungeon (5/15)             Temple (1/1) D:5

Altars:
Ashenzari
Cheibriados
Elyvilon
Fedhas
Gozag
Makhleb
Nemelex Xobeh
Qazlal
Ru
Sif Muna
Uskayaw
Vehumet
Wu Jian
Xom
Zin

Annotations:
D:5 Prince Ribbit


Innate Abilities, Weirdness & Mutations

((You can walk through water.))
((Your dull iron-grey scales are very hard. (AC +11)))
You cannot fit into any form of body armour.
((You can survive without breathing.))
((You are cold-blooded and may be slowed by cold attacks.))


Message History

Your transformation is almost over.
Prince Ribbit hits you!
You closely miss Prince Ribbit. Prince Ribbit completely misses you.
You hit Prince Ribbit but do no damage.
Prince Ribbit is poisoned.
Prince Ribbit hits you!
You bite Prince Ribbit!
Prince Ribbit looks as sick as possible!
Prince Ribbit is moderately wounded.
Prince Ribbit hits you!!
* * * LOW HITPOINT WARNING * * *
Prince Ribbit blinks!
Prince Ribbit blinks!
You barely miss Prince Ribbit.
Prince Ribbit is moderately wounded.
Prince Ribbit hits you.
* * * LOW HITPOINT WARNING * * *
You closely miss Prince Ribbit.
Prince Ribbit is moderately wounded.
Prince Ribbit hits you!
You die...

....##...........##
.......##.........##
.....####..........##
...### ##.<.........#
...# #...........# #
..##
#...........###.. ..#
#..........#..... ###
#.....>........#
#........s..#
#.......$F###
###...##.## ######.#
... #.ยง.+ #...#
#...# ..#


You could see Prince Ribbit.

Vanquished Creatures
  A phantom (D:4)
  A scorpion (D:4)
  2 crimson imps
  A quasit (D:4)
  2 hounds
  A jelly (D:5)
  2 worker ants
  A worker ant zombie (D:4)
  An adder (D:5)
  4 gnolls (D:4)
  An ooze (D:1)
  3 dart slugs
  2 leopard geckos
  3 orcs
  2 ball pythons
  3 bats (D:2)
  4 giant cockroaches
  3 goblins
  5 hobgoblins
  8 jackals
  11 kobolds
  3 quokkas
  5 frilled lizards
  A jackal skeleton (D:4)
  7 rats
77 creatures vanquished.

Vanquished Creatures (collateral kills)
  2 phantoms (D:4)
2 creatures vanquished.

Grand Total: 79 creatures vanquished

Notes
Turn   | Place    | Note
-------+----------+-------------------------------------------
     0 | D:1      | kae the Draconian Transmuter began the quest for the Orb.
     0 | D:1      | Reached XP level 1. HP: 16/16 MP: 3/3
   138 | D:1      | Reached XP level 2. HP: 14/23 MP: 3/5
   359 | D:1      | Learned a level 2 spell: Sticks to Snakes
   795 | D:2      | Reached XP level 3. HP: 23/29 MP: 4/6
  1358 | D:2      | Found a stormy altar of Qazlal.
  1748 | D:3      | Found a faded altar of an unknown god.
  1950 | D:3      | Learned a level 3 spell: Spider Form
  1981 | D:3      | Reached XP level 4. HP: 20/36 MP: 0/7
  2551 | D:3      | Reached skill level 4 in Unarmed Combat
  2642 | D:3      | Found a shimmering altar of Xom.
  2643 | D:3      | Found a burning altar of Makhleb.
  2754 | D:4      | Noticed a phantom
  2769 | D:4      | Killed a phantom
  2769 | D:4      | Reached XP level 5. HP: 44/44 MP: 6/9
  2839 | D:4      | Noticed a phantom
  2877 | D:3      | Reached XP level 6. HP: 23/51 MP: 6/10
  3234 | D:3      | Learned a level 4 spell: Ice Form
  3374 | D:4      | Reached skill level 5 in Unarmed Combat
  3940 | D:4      | Your scales start taking on a dull iron-grey colour.
  3940 | D:4      | Reached XP level 7. HP: 21/58 MP: 8/12
  3940 | D:4      | Gained mutation: You can survive without breathing. [Grey
                  | Draconian growth]
  4339 | D:5      | Entered Level 5 of the Dungeon
  4364 | D:5      | Found a staircase to the Ecumenical Temple.
  4409 | Temple   | Entered the Ecumenical Temple
  4436 | Temple   | Became a worshipper of the Wu Jian Council
  4524 | D:5      | Noticed Prince Ribbit
  4662 | D:5      | Slain by Prince Ribbit

Levels and vault maps discovered:
D:1:      psy_arrival_statuary, layout_loops_ring
D:2:      layout_loops_corners, minmay_crystal_water,
          nicolae_qazlal_eye_of_the_storm
D:3:      layout_loops_cross, grunt_temple_overflow_champion_of_chaos,
          chequers_ecumenical_altar_simple, first_ration,
          kennysheep_generic_room_11
D:4:      layout_basic
D:5:      layout_cave_pods, minmay_temple_entry_large_hall, minivault_11,
          uniq_prince_ribbit1
Temple:   cyrus_circular_temple

Skill      XL: |  1  2  3  4  5  6  7 |
---------------+----------------------+-----
Fighting       | 2 3 4 |  4.0
Unarmed Combat | 4 5 |  5.9
Spellcasting   | 3 |  3.7
Transmutations | 3 4 |  4.0
Dodging        | |  1.7

Action                   |  1- 3 |  4- 6 |  7- 9 || total
-------------------------+-------+-------+-------++-------
Melee: Unarmed           |   157 |   120 |    44 ||   321
       Kick              |     3 |       |       ||     3
       Tailslap          |     9 |     9 |     2 ||    20
       Headbutt          |    13 |     3 |     2 ||    18
       Punch             |     2 |       |       ||     2
 Cast: Beastly Appendage |    25 |     3 |     3 ||    31
       Spider Form       |     1 |     5 |     4 ||    10
       Sticks to Snakes  |       |     8 |       ||     8
  Use: Scroll            |     5 |     1 |     1 ||     7
       Potion            |       |     2 |       ||     2
 Stab: Sleeping          |       |     2 |       ||     2
  Eat: Chunk             |     4 |     4 |     2 ||    10
       Ration            |       |     1 |       ||     1
Armor: Skin              |    53 |    39 |     8 ||   100
Dodge: Dodged            |   117 |    74 |    34 ||   225

Table legend:
 A = Non-vault XP
 B = Vault XP
 C = Vault XP percentage of total XP
 D = Non-vault monster count
 E = Vault monster count
 F = Vault count percentage of total count
                 A         B        C        D         E       F
            +---------+---------+-------+---------+---------+-------
      Total |     896 |      51 |   5.4 |      77 |       2 |   2.5
            +---------+---------+-------+---------+---------+-------
        D:1 |      35 |       0 |   0.0 |      19 |       0 |   0.0
        D:2 |      40 |       0 |   0.0 |      21 |       0 |   0.0
        D:3 |      91 |      51 |  35.9 |       9 |       2 |  18.2
        D:4 |     578 |       0 |   0.0 |      20 |       0 |   0.0
        D:5 |     152 |       0 |   0.0 |       8 |       0 |   0.0
            +---------+---------+-------+---------+---------+-------
